Map: 2000 Atmospheres LE

Players

ShoWTimE - Winner!

  • Race: Protoss Protoss

Ryung

  • Race: Terran Terran

Event: IEM Katowice 2022

VOD

Have the link to the VOD?

Description

Time

  • Played on: Feb. 24, 2022, 1:30 p.m.
  • Length: 9:14

All games in this series

Show
View Real Time Build Order
Export as new Build Order

ShoWTimE Protoss - Winner!

Build Orders: 1 Gate Expand, Oracle Opening, Phoenix Opening, Colossus Rush 

Get SALT Encoding   

  12  0:00  Probe  
  13  0:12  Probe  
  14  0:16  Pylon  
  14  0:24  Probe (Chrono Boost)  
  15  0:34  Gateway  
  15  0:36  Probe (Chrono Boost)  
  16  0:45  Probe (Chrono Boost), Assimilator  
  17  0:51  Probe  
  18  1:03  Probe  
  19  1:15  Probe  
  20  1:25  Nexus  
  20  1:34  Cybernetics Core  
  20  1:38  Probe  
  21  1:42  Assimilator  
  21  1:52  Pylon  
  21  1:53  Probe  
  22  2:05  Probe  
  22  2:07  Adept (Chrono Boost)  
  25  2:17  Probe  
  25  2:20  Stargate  
  26  2:27  Adept (Chrono Boost)  
  27  2:30  Probe (Chrono Boost)  
  29  2:38  Probe (Chrono Boost)  
  29  2:42  Warp Gate  
  31  2:47  Probe x2 (Chrono Boost)  
  31  2:50  Adept  
  34  2:52  Probe (Chrono Boost)  
  34  2:53  Probe  
  36  3:04  Oracle (Chrono Boost), Probe  
  36  3:05  Probe  
  41  3:12  Pylon  
  41  3:16  Probe  
  41  3:17  Probe  
  43  3:20  Adept  
  45  3:28  Probe  
  45  3:30  Probe  
  45  3:32  Gateway  
  47  3:37  Phoenix  
  47  3:39  Assimilator  
  47  3:40  Probe  
  50  3:42  Assimilator  
  50  3:45  Pylon, Probe  
  51  3:52  Probe  
  51  3:54  Robotics Facility  
  52  3:57  Probe  
  53  4:05  Probe  
  53  4:07  Phoenix (Chrono Boost)  
  53  4:09  Probe  
  57  4:13  Pylon  
  58  4:17  Probe  
  58  4:22  Probe  
  59  4:29  Probe  
  59  4:30  Phoenix (Chrono Boost)  
  62  4:31  Adept x2  
  62  4:33  Pylon  
  66  4:43  Robotics Bay  
  66  4:47  Pylon, Phoenix  
  66  4:52  Probe x2  
  68  5:04  Nexus, Probe  
  68  5:06  Observer (Chrono Boost)  
  68  5:07  Probe  
  71  5:15  Sentry  
  71  5:16  Probe  
  71  5:19  Probe  
  71  5:28  Probe  
  71  5:30  Colossus (Chrono Boost), Phoenix  
  71  5:31  Probe  
  71  5:33  Extended Thermal Lance  
  81  5:42  Probe  
  79  5:43  Probe  
  79  5:49  Gateway x2  
  80  5:51  Pylon, Gateway  
  80  5:54  Probe  
  80  5:55  Probe  
  82  6:06  Probe  
  82  6:07  Probe  
  84  6:13  Twilight Council, Phoenix  
  84  6:14  Forge  
  84  6:17  Probe  
  87  6:19  Colossus (Chrono Boost), Probe  
  94  6:30  Gateway  
  94  6:32  Pylon  
  94  6:39  Charge (Chrono Boost)  
  94  6:41  Phoenix  
  94  6:44  Sentry, Shield Battery  
  94  6:45  Zealot x2  
  94  6:46  Pylon  
  102  6:50  Zealot x2  
  106  6:55  Pylon  
  106  6:58  Protoss Ground Weapons Level 1 (Chrono Boost)  
  106  7:01  Gateway  
  106  7:02  Gateway  
  106  7:13  Colossus (Chrono Boost)  
  106  7:18  Pylon  
  106  7:19  Zealot x2  
  106  7:20  Zealot  
  118  7:25  Pylon, Assimilator x2, Zealot  
  120  7:30  Pylon  
  120  7:35  Zealot x2  
  124  7:38  Templar Archives  
  124  7:40  Probe x2  
  124  7:41  Probe  
  126  7:53  Probe  
  126  7:54  Probe  
  126  7:56  Warp Prism (Chrono Boost)  
  126  7:57  Zealot x5  
  138  8:02  Zealot x2  
  144  8:05  Probe  
  144  8:06  Probe  
  144  8:09  Zealot  
  148  8:12  Pylon  
  148  8:24  High Templar x3  
  148  8:25  Pylon, High Templar  
  156  8:28  Archon  
  156  8:29  Pylon, Archon  
  156  8:31  Nexus  
  156  8:35  Pylon  
  156  8:45  Zealot  
  156  8:46  Zealot x3  
  164  8:50  Pylon  
  152  9:08  Zealot x8  
Show
View Real Time Build Order
Export as new Build Order

Ryung Terran 

Build Orders:  

Get SALT Encoding   

  12  0:00  SCV  
  13  0:12  SCV  
  14  0:16  Supply Depot  
  14  0:24  SCV  
  15  0:38  SCV  
  15  0:39  Barracks  
  16  0:44  Refinery  
  16  0:50  SCV  
  17  1:02  SCV  
  18  1:05  Engineering Bay  
  18  1:14  SCV  
  19  1:27  Barracks Reactor, Orbital Command  
  19  1:45  Command Center  
  19  1:53  SCV  
  20  1:56  Supply Depot  
  20  2:03  Marine x2  
  20  2:05  SCV  
  23  2:15  Factory  
  23  2:18  SCV  
  23  2:21  Marine  
  25  2:23  Marine  
  26  2:30  SCV  
  26  2:31  Refinery  
  27  2:39  Marine  
  27  2:40  Marine  
  27  2:42  SCV  
  30  2:54  SCV  
  30  2:57  Orbital Command  
  32  3:01  Starport  
  32  3:02  Widow Mine  
  33  3:06  SCV  
  33  3:07  Marine  
  33  3:09  Marine  
  36  3:16  Supply Depot  
  36  3:18  SCV  
  37  3:23  Widow Mine  
  39  3:28  SCV, Marine x2  
  42  3:38  Medivac  
  44  3:41  SCV x2  
  44  3:45  Widow Mine  
  44  3:48  Marine x2  
  48  3:49  Supply Depot  
  48  3:53  SCV x2  
  52  4:00  Barracks  
  52  4:06  SCV, Factory Tech Lab  
  52  4:07  SCV  
  52  4:09  Starport Tech Lab  
  54  4:15  Marine x2  
  56  4:17  Barracks  
  56  4:19  SCV  
  57  4:26  Siege Tank  
  57  4:28  Supply Depot, Refinery  
  60  4:32  SCV  
  60  4:33  SCV  
  60  4:37  Supply Depot  
  62  4:41  Barracks  
  62  4:42  Barracks  
  62  4:43  Raven  
  61  4:51  Marine x2  
  60  4:58  SCV x2  
  60  4:59  Supply Depot  
  54  5:01  Siege Tank  
  57  5:09  Marine x2  
  57  5:10  Engineering Bay  
  57  5:11  SCV x2  
  53  5:24  SCV x2  
  53  5:27  Marine x2  
  55  5:31  Barracks Tech Lab  
  50  5:36  SCV x2  
  50  5:37  Terran Infantry Weapons Level 1  
  50  5:41  Marine, Stimpack  
  52  5:46  Missile Turret, Marine  
  52  5:47  Marine  
  52  5:48  SCV x2  
  52  5:49  Starport Reactor  
  56  5:52  Supply Depot  
  56  5:55  Siege Tank  
  59  5:57  Marine  
  59  6:00  SCV  
  59  6:02  Marine  
  58  6:04  Marine x2  
  58  6:09  SCV  
  61  6:14  Combat Shield  
  61  6:23  Command Center  
  61  6:25  Marine x3  
  61  6:26  Marine  
  61  6:30  Medivac x2  
  61  6:32  SCV  
  70  6:38  SCV  
  70  6:39  Missile Turret  
  70  6:42  Siege Tank  
  70  6:43  Refinery  
  70  6:46  Marine x4  
  77  6:47  SCV  
  77  6:53  SCV  
  78  6:54  Supply Depot  
  78  7:00  SCV  
  79  7:03  Marine  
  79  7:04  Marine x3, Medivac  
  79  7:05  Medivac  
  82  7:16  SCV x2  
  82  7:17  Barracks  
  82  7:18  Barracks  
  84  7:24  Marine x2, Marauder x2  
  84  7:28  SCV x2  
  92  7:36  Viking x2  
  95  7:40  SCV x2  
  97  7:46  Marine x2  
  97  7:47  Marauder  
  97  7:48  Marauder  
  103  7:55  SCV x2  
  105  8:01  Siege Tank  
  108  8:05  Supply Depot  
  108  8:07  SCV x2  
  108  8:09  Viking x2  
  114  8:15  Orbital Command  
  114  8:24  SCV x2  
  114  8:25  Barracks Reactor, Barracks Tech Lab  
  116  8:27  Ghost Academy  
  116  8:32  Missile Turret  
  116  8:36  SCV x2  
  116  8:39  Viking x2  
  120  8:43  SCV  
  120  8:48  SCV x2  
  123  8:51  Supply Depot  

Tags
 
Add a new tag
Caveats
  • Supply blocks, unpowered buildings, or Contaminate may cause inaccurate times.
  • Supply counts are checked every 10 seconds.